 Dungeon Crawl Stone Soup version 0.31.0-11-ge490571c62 (webtiles) character file.

Game seed: 16990032283496802759

476 qw the Ducker (level 6, -3/30 HPs)
             Began as a Spriggan Hunter on Feb 5, 2024.
             Slain by Duvessa
             ... wielding a +2 vampiric rapier
              (14 damage)
             ... on level 4 of the Dungeon.
             The game lasted 00:00:45 (2610 turns).

qw the Ducker (Spriggan Hunter)                     Turns: 2610, Time: 00:00:45

Health: -3/30      AC:  2    Str:  7    XL:     6   Next: 84%
Magic:  7/7        EV: 23    Int: 10    God:
Gold:   287        SH:  0    Dex: 21    Spells: 5/5 levels left

rFire   + . .        a - +0 shortbow (flame)
rCold   . . .        (shield currently unavailable)
rNeg    . . .        c - +0 robe
rPois   .            (helmet restricted)
rElec   .            (no cloak)
rCorr   .            (gloves unavailable)
SInv    +            (boots unavailable)
Will    +....        (no amulet)
Stlth   ++           g - ring of protection from fire
HPRegen 0.25/turn    (no ring)
MPRegen 0.10/turn

%: no passive effects
@: very quick
A: very small, no large weapons, unfitting armour, see invisible, speed 3
a: no special abilities


You were on level 4 of the Dungeon.
You visited 1 branch of the dungeon, and saw 4 of its levels.

You collected 287 gold pieces.


Innate Abilities, Weirdness & Mutations

You are very small and have problems with some larger weapons.
You are too small for most types of armour.
You have supernaturally acute eyesight. (SInv)
You cover ground extremely quickly. (Speed+++)


   Skills:
 - Level 2.3 Fighting
 + Level 6.1 Ranged Weapons
 - Level 7.2 Dodging
 - Level 1.5 Stealth


You had 5 spell levels left.
You didn't know any spells.
Your spell library was empty.

Inventory:

Hand Weapons
 a - a +0 shortbow of flaming (weapon)
Armour
 c - a +0 robe (worn)
Jewellery
 g - a ring of protection from fire (left hand)
 i - a ring of fire
Scrolls
 h - a scroll of teleportation
 k - 3 scrolls of identify {unknown}
 l - a scroll of poison {unknown}
 m - a scroll of revelation {unknown}
Potions
 b - a potion of haste {unknown}
 d - a potion of curing {unknown}
 e - a potion of invisibility {unknown}
 f - a potion of heal wounds {unknown}

Dungeon Overview and Level Annotations

Branches:
Dungeon (4/15)
 Temple: D:4-7

Altars:
Trog

Shops:
D:3 :

Annotations:
D:4 Duvessa


Message History

Aiming: Quicksilver Bolt
Press: ? - help, Q - select action, (/) - cycle Shift-Dir - straight line, f/p - Duvessa The bolt of dispelling energy hits Dowan!
You kill Dowan!
Duvessa weeps, and shakes her weapon.
Duvessa goes berserk!
The bolt of dispelling energy misses Duvessa.
Your Ranged Weapons skill increases to level 6!
2606 ||| ZAPPING wand of quicksilver (5) at 0,3 (Duvessa; floor).
Aiming: Quicksilver Bolt
Press: ? - help, Q - select action, (/) - cycle Shift-Dir - straight line, f/p - Duvessa The bolt of dispelling energy misses Duvessa.
2607 ||| ZAPPING wand of quicksilver (4) at 0,2 (Duvessa; floor).
Aiming: Quicksilver Bolt
Press: ? - help, Q - select action, (/) - cycle Shift-Dir - straight line, f/p - Duvessa The bolt of dispelling energy hits Duvessa!
Duvessa is moderately wounded.
Duvessa completely misses you.
2608 ||| ZAPPING wand of quicksilver (3) at 0,1 (Duvessa; floor).
Aiming: Quicksilver Bolt
Press: ? - help, Q - select action, (/) - cycle Shift-Dir - straight line, f/p - Duvessa The bolt of dispelling energy hits Duvessa!
Duvessa is heavily wounded.
Duvessa hits you with a +2 vampiric rapier.
Duvessa draws strength from your wounds!
2609 ||| ZAPPING wand of quicksilver (2) at 0,1 (Duvessa; floor).
Aiming: Quicksilver Bolt
Press: ? - help, Q - select action, (/) - cycle Shift-Dir - straight line, f/p - Duvessa The bolt of dispelling energy misses Duvessa.
Duvessa misses you.
Duvessa hits you with a +2 vampiric rapier!
Duvessa draws strength from your wounds!
2610 ||| ZAPPING wand of quicksilver (1) at 0,1 (Duvessa; floor).
Aiming: Quicksilver Bolt
Press: ? - help, Q - select action, (/) - cycle Shift-Dir - straight line, f/p - Duvessa The bolt of dispelling energy hits Duvessa!
Duvessa is heavily wounded.
The now-empty wand crumbles to dust.
Duvessa hits you with a +2 vampiric rapier!
You die...

##...#.%###.##.........
#............+.........
#########.#.##.......##
.....>.............
#######.####.#'####
#......#..#.......
#.######..#.......
#.#.......#.......
#@#.####..........
#e#.#....<........
#.#.#.#...........
#)#.#.##....#+####
#.#.#......)#.#
#.#.#######)#.#
#.#...........#
#.########....#
########....#


You could see Duvessa (berserk).

Vanquished Creatures
  Sigmund (D:4)
  An ogre (D:4)
  Blork the orc (D:4)
  Dowan (D:4)
  A hound (D:4)
  4 adders
  A dart slug (D:2)
  A ribbon worm (D:4)
  11 ball pythons
  5 endoplasms
  A giant cockroach (D:4)
  9 goblins
  5 hobgoblins
  5 kobolds
  2 quokkas (D:4)
  7 bats
  3 frilled lizards
  3 rats
62 creatures vanquished.

Notes
Turn   | Place    | Note
-------+----------+-------------------------------------------
     0 | D:1      | qw the Spriggan Hunter began the quest for the Orb.
     0 | D:1      | Reached XP level 1. HP: 10/10 MP: 2/2
     0 | D:1      | 0 ||| qw: Version: 0.3-a-160-g6735b56
     0 | D:1      | 0 ||| qw: Game counter: 6366
     0 | D:1      | 0 ||| qw: Melee chars always use a shield: true
     0 | D:1      | 0 ||| qw: God list: Okawaru
     0 | D:1      | 0 ||| qw: Allow faded altars: false
     0 | D:1      | 0 ||| qw: Do Orc after clearing Dungeon:15 true
     0 | D:1      | 0 ||| qw: Do second Lair branch before Depths: true
     0 | D:1      | 0 ||| qw: Lair rune preference: random
     0 | D:1      | 0 ||| qw: Goals: Normal
     0 | D:1      | 0 ||| PLANNING D:1-11
    67 | D:1      | Reached skill level 3 in Dodging
   150 | D:1      | Reached XP level 2. HP: 14/14 MP: 3/3
   221 | D:1      | 221 ||| DROPPING +3 sling.
   343 | D:1      | Reached skill level 4 in Dodging
   554 | D:1      | 554 ||| UPGRADING to ring of protection from fire.
   555 | D:1      | 555 ||| READING scroll labelled ETRAEGG VAAMUA.
   556 | D:1      | 556 ||| READING 2 scrolls labelled HIREMU YNGA.
   557 | D:1      | 557 ||| READING 2 scrolls labelled QAESIR WAOR.
   560 | D:1      | 560 ||| READING scroll labelled NEFYASCHOWITT.
   561 | D:1      | 561 ||| DROPPING scroll of butterflies.
   562 | D:1      | 562 ||| DROPPING scroll of fog.
   676 | D:2      | Found a faded altar of an unknown god.
   929 | D:2      | Reached XP level 3. HP: 18/18 MP: 4/4
  1371 | D:3      | Noticed a sky beast
  1372 | D:3      | Noticed an orc warrior
  1455 | D:3      | Found Guik's Book Shoppe.
  1794 | D:3      | Found a bloodstained altar of Trog.
  1880 | D:3      | 1880 ||| READING scroll labelled NOPEL PIEDE.
  1880 | D:3      | 1880 ||| BRANDING +0 shortbow.
  1881 | D:3      | 1881 ||| READING scroll labelled BORISE DAYCUJO.
  2120 | D:4      | Reached XP level 4. HP: 22/22 MP: 5/5
  2145 | D:4      | Noticed Sigmund
  2146 | D:4      | 2146 ||| ZAPPING wand of quicksilver (10) at 1,5 (Sigmund;
                  | floor).
  2148 | D:4      | 2148 ||| ZAPPING wand of quicksilver (9) at 1,2 (Sigmund;
                  | floor).
  2148 | D:4      | Killed Sigmund
  2149 | D:4      | Reached skill level 7 in Dodging
  2149 | D:4      | Reached XP level 5. HP: 25/25 MP: 6/6
  2253 | D:4      | Noticed Blork the orc
  2257 | D:4      | Killed Blork the orc
  2258 | D:4      | Reached XP level 6. HP: 30/30 MP: 7/7
  2600 | D:4      | Noticed Dowan
  2602 | D:4      | Noticed Duvessa
  2603 | D:4      | 2603 ||| ZAPPING wand of quicksilver (8) at 0,7 (Duvessa;
                  | floor).
  2604 | D:4      | 2604 ||| ZAPPING wand of quicksilver (7) at 0,6 (Duvessa;
                  | floor).
  2605 | D:4      | 2605 ||| ZAPPING wand of quicksilver (6) at 0,5 (Duvessa;
                  | floor).
  2605 | D:4      | Killed Dowan
  2606 | D:4      | Reached skill level 6 in Ranged Weapons
  2606 | D:4      | 2606 ||| ZAPPING wand of quicksilver (5) at 0,3 (Duvessa;
                  | floor).
  2607 | D:4      | 2607 ||| ZAPPING wand of quicksilver (4) at 0,2 (Duvessa;
                  | floor).
  2608 | D:4      | 2608 ||| ZAPPING wand of quicksilver (3) at 0,1 (Duvessa;
                  | floor).
  2609 | D:4      | 2609 ||| ZAPPING wand of quicksilver (2) at 0,1 (Duvessa;
                  | floor).
  2610 | D:4      | 2610 ||| ZAPPING wand of quicksilver (1) at 0,1 (Duvessa;
                  | floor).
  2610 | D:4      | Slain by Duvessa

Levels and vault maps discovered:
D:1:      psy_arrival_fountain, layout_basic, serial_bayou_lake_a
D:2:      layout_basic, nicolae_ecumenical_snake_handling,
          uniq_crazy_yiuf_cottage
D:3:      wad_lake_hut, layout_rooms, lemuel_crystal_altar, serial_shops,
          nicolae_shop_tiny_real_fake_doors, lightli_corner_chamber
D:4:      layout_basic, uniq_blork_the_orc, uniq_duvessa, uniq_sigmund

Skill      XL: |  1  2  3  4  5  6 |
---------------+-------------------+-----
Dodging        | 3 4 7 |  7.2
Ranged Weapons | 5 6 |  6.1
Fighting       | 2 |  2.3
Stealth        | |  1.5

Action                     |  1- 3 |  4- 6 || total
---------------------------+-------+-------++-------
   Fire: Shortbow          |   117 |    31 ||   148
  Evoke: Wand              |       |    10 ||    10
    Use: Scroll            |     6 |       ||     6
 Armour: Robe              |     5 |     6 ||    11
  Dodge: Dodged            |    34 |    17 ||    51

Table legend:
 A = Non-vault XP
 B = Vault XP
 C = Vault XP percentage of total XP
 D = Non-vault monster count
 E = Vault monster count
 F = Vault count percentage of total count
                 A         B        C        D         E       F
            +---------+---------+-------+---------+---------+-------
      Total |     298 |     382 |  56.2 |      55 |       7 |  11.3
            +---------+---------+-------+---------+---------+-------
        D:1 |      25 |       0 |   0.0 |      15 |       0 |   0.0
        D:2 |      28 |       5 |  15.2 |      17 |       4 |  19.0
        D:3 |      27 |       0 |   0.0 |       9 |       0 |   0.0
        D:4 |     218 |     377 |  63.4 |      14 |       3 |  17.6
            +---------+---------+-------+---------+---------+-------
